Zeetha, chaotic female human Rogue ... ...G. -..@.. |..--- ---..| |...-- ---...| |.)..-- ----.---- ......| -..--- |...| |...--- |.....| --.<..| |..|.| ------ Zeetha the Footpad Experience level: 2 Strength: 15 Dexterity: 15 Constitution: 12 Intelligence: 14 Wisdom: 10 Charisma: 10 Health: 0(14) Energy: 10(10) Def: 4 Gold: 28 Moves: 1780 Dungeon seed: 4lXZti1LRgdyIkar Game ID: Zeetha_1552305844 Your Inventory: Coins $ - 28 gold pieces Weapons a - an uncursed +0 dagger named Sharptooth (weapon in hand) b - 6 uncursed +0 daggers (in quiver) Armor e - an uncursed +1 leather armor (being worn) n - an uncursed +0 elven cloak (being worn) Comestibles l - an uncursed lembas wafer o - 2 uncursed food rations p - an uncursed cram ration u - an uncursed egg Tools k - an uncursed lock pick w - 6 uncursed wax candles (0:400) x - an uncursed partly used wax candle (lit) (0:375) y - an uncursed tallow candle (0:200) B - an uncursed sack Gems q - an uncursed worthless piece of yellowish brown glass r - an uncursed worthless piece of blue glass Contents of the sack: 269 gold pieces a blessed +0 short sword an uncursed scroll of enchant weapon an uncursed potion of booze an uncursed potion of healing an uncursed potion of object detection an uncursed potion of sickness an uncursed wand of speed monster (0:8) an uncursed wand of speed monster (0:7) Spells and supernatural/magical abilities: Name Level Category Fail Memory W - pray for help -- divine ? -- Your skills at the end: Fighting Skills Weapon Skills dagger [Basic] short sword [Basic] Spellcasting Skills Final Attributes: You were piously aligned. You were stealthy. You are dead. Vanquished creatures: a giant rat 3 gnomes 4 jackals a fox a kobold 4 sewer rats 8 grid bugs 3 lichens 6 newts 31 creatures vanquished. Voluntary challenges: You were an atheist. You used a wielded weapon 31 times, starting on turn 2. You read items or engraved 4 times, starting on turn 1354. You never genocided any monsters. You never polymorphed an object. You never changed form. You used no wishes. You never split a pudding. You wrote Elbereth's name 4 times, starting on turn 1354. You never violated your personal moral code. Dungeon overview: The Dungeons of Doom: levels 1 to 5 Level 1 a fountain a long staircase Level 2 a general store, some fountains Level 3 Level 4 a general store, a fountain stairs to The Gnomish Mines Level 5 The Gnomish Mines: Level 5 <- You were here stairs to The Dungeons of Doom History has recorded: On T:1 you entered the Dungeons of Doom to retrieve the Amulet of Yendor! On T:116 you reached level 2 of The Dungeons of Doom. On T:727 you reached level 3 of The Dungeons of Doom. On T:854 you advanced to experience level 2. On T:1005 you reached level 4 of The Dungeons of Doom. On T:1322 you reached level 5 of The Dungeons of Doom. On T:1738 you reached level 1 of The Gnomish Mines. Score breakdown: Gold: 297 ( 8416 points) Experience: 2 levels ( 5570 points) Exploration: 5 levels ( 11.11%) ( 9045 points) Discoveries: 3 items ( 1.01%) ( 3010 points) Valuables value: (no points given unless you survive) Artifact value: 0 ( 0 points) Variety of kills: 9 monsters ( 2.36%) ( 4610 points) Turncount: 1780 turns ( 0 points) Survival: died (score multiplied by 80%) Total score: 24520 Latest messages: Trouble bites the gnome. The gnome is killed! You see here a candle. y - a candle. The gnome hits! You kill the gnome! There are a few objects here. r - a blue gem. This gnome corpse tastes terrible! You stop eating. You are hit by a crossbow bolt. Trouble eats a partly eaten gnome corpse. The crossbow bolt misses Trouble. You miss the gnome. The gnome swings his crossbow. The gnome hits! You hit the gnome. (2x) The gnome swings his crossbow. The gnome hits! You die... Final status: Goodbye Zeetha the Rogue, killed by a gnome... You died in The Gnomish Mines on dungeon level 5 with 24520 points, and 297 pieces of gold, after 1780 moves. You were level 2 with a maximum of 14 hit points when you died.